AoeStats
← beneath mariana

Arena

504746303Analyzed
4v4 RM · 25d ago on Sep 6, 2026· 64m 18s· 8 players
Game mode
Random Map
Map size
Large (8 player)
Population
200
Speed
Normal
Resources
Standard
Victory
Conquest
Starting age
Dark Age
Ending age
Imperial Age
RankedLock teamsTeams togetherTeam positionsShared explorationLock speedFull tech treeHidden civsTurbo modeCheats
Victory
Defeat
🇷🇺 Teutons · Russia
1396
+17
🇩🇪 Portuguese · Germany
1368
+18
🇩🇪 Georgians · Germany
1364
+18
🇩🇪 Italians · Germany
1354
+19
🇪🇨 Franks · Ecuador
1465
-19
🇨🇳 Italians · China
1465
-20
🇨🇳 Vikings · China
1378
-17
🇧🇷 Turks · Brazil
1362
-16
Welldone
9:43 Feudal Age
14:57 Castle Age
13:10 Double-Bit Axe
13:33 Horse Collar
14:36 Gold Mining
16:17 Heavy Plow
18:18 Bow Saw
19:19 Wheelbarrow
27:06 Imperial Age
26:43 Scale Barding Armor
26:50 Forging
26:59 Fortified Wall
27:22 Hand Cart
27:24 Bloodlines
28:21 Chain Barding Armor
27:46 Cavalier
28:47 Loom
30:25 Iron Casting
30:27 Paladin
33:11 Plate Barding Armor
38:42 Man-at-Arms
39:07 Gambesons
39:23 Squires
38:44 Pikeman
39:13 Arson
40:28 Crenellations
39:55 Long Swordsman
40:29 Two-Handed Swordsman
41:22 Champion
43:01 Scale Mail Armor
44:23 Blast Furnace
44:31 Hoardings
44:51 Chain Mail Armor
44:59 Stone Mining
45:26 Fletching
46:39 Conscription
49:11 Plate Mail Armor
48:36 Bodkin Arrow
49:32 Stone Shaft Mining
49:45 Ironclad
50:01 Ballistics
49:53 Masonry
49:49 Siege Engineers
53:17 Guard Tower
54:29 Chemistry
52:57 Halberdier
55:31 Two-Man Saw
54:57 Elite Teutonic Knight
56:46 Sappers
59:45 Bombard Tower
59:31 Siege Engineers
60:02 Keep
siggi-lok
12:05 Feudal Age
15:47 Castle Age
13:54 Horse Collar
16:02 Double-Bit Axe
16:07 Loom
18:44 Bow Saw
30:33 Imperial Age
29:08 Wheelbarrow
30:08 Fortified Wall
29:54 Gold Mining
29:57 Stone Mining
32:14 Chemistry
34:47 Siege Engineers
35:04 Heavy Plow
36:06 Two-Man Saw
36:53 Hand Cart
36:24 Town Watch
55:32 Arquebus
56:03 Conscription
56:05 Padded Archer Armor
55:56 Fletching
56:20 Thumb Ring
58:50 Leather Archer Armor
59:12 Ballistics
61:17 Ring Archer Armor
Who am I
7:16 Loom
11:10 Feudal Age
15:01 Castle Age
13:54 Double-Bit Axe
13:51 Horse Collar
16:50 Wheelbarrow
17:23 Bow Saw
21:30 Gold Mining
22:08 Heavy Plow
23:05 Hand Cart
23:56 Stone Mining
29:57 Imperial Age
28:11 Bloodlines
28:02 Husbandry
28:09 Scale Barding Armor
28:14 Forging
30:10 Stone Shaft Mining
30:33 Chain Barding Armor
30:48 Iron Casting
30:39 Svan Towers
31:46 Conscription
30:51 Elite Monaspa
32:08 Plate Barding Armor
35:12 Guard Tower
35:03 Treadmill Crane
35:29 Siege Engineers
35:45 Ballistics
36:26 Chemistry
35:11 Arrowslits
35:24 Murder Holes
37:26 Blast Furnace
40:40 Keep
40:16 Masonry
40:42 Crop Rotation
42:40 Town Watch
45:18 Fletching
46:31 Bodkin Arrow
48:26 Caravan
48:28 Light Cavalry
49:06 Hussar
54:58 Bracer
Dragon
5:13 Loom
10:39 Feudal Age
10:43 Feudal Age
16:53 Castle Age
15:30 Double-Bit Axe
16:11 Horse Collar
23:39 Imperial Age
21:57 Pikeman
22:56 Bow Saw
22:38 Gold Mining
23:27 Fletching
23:40 Padded Archer Armor
25:24 Chemistry
24:46 Ballistics
25:04 Bodkin Arrow
29:53 Leather Archer Armor
30:35 Conscription
34:10 Elite Genoese Crossbowman
34:19 Elite Genoese Crossbowman
36:27 Fortified Wall
42:19 Crossbowman
44:18 Two-Man Saw
43:47 Thumb Ring
43:03 Arbalester
44:23 Bracer
44:53 Ring Archer Armor
52:07 Bombard Tower
56:42 Stone Mining
60:58 Silk Road
60:41 Caravan
[ECU] Tecno>Luis
11:23 Feudal Age
15:04 Castle Age
13:00 Double-Bit Axe
16:05 Husbandry
16:32 Bow Saw
TheLawRøcK®
11:32 Feudal Age
15:24 Castle Age
14:11 Horse Collar
15:38 Double-Bit Axe
17:53 Wheelbarrow
18:49 Hand Cart
21:36 Gold Mining
22:17 Bow Saw
25:22 Gold Shaft Mining
25:27 Stone Mining
29:00 Imperial Age
27:18 Ballistics
28:19 Fletching
28:53 Fortified Wall
29:55 Bodkin Arrow
31:26 Artillery
beneath mariana
7:22 Loom
10:43 Feudal Age
11:40 Double-Bit Axe
14:35 Castle Age
13:05 Horse Collar
16:22 Bow Saw
22:50 Wheelbarrow
22:50 Heavy Plow
23:57 Wheelbarrow
23:30 Stone Mining
23:42 Gold Mining
25:29 Hand Cart
25:07 Fletching
25:33 Loom
27:20 Stone Shaft Mining
30:00 Imperial Age
27:28 Bodkin Arrow
28:16 Ballistics
28:20 Padded Archer Armor
28:30 Scale Barding Armor
28:35 Forging
28:44 Bloodlines
28:34 Husbandry
28:50 Light Cavalry
30:39 Chain Barding Armor
30:43 Bracer
31:47 Chemistry
30:12 Cavalier
31:17 Guilds
31:33 Conscription
32:40 Plate Barding Armor
33:04 Leather Archer Armor
34:07 Iron Casting
34:07 Fortified Wall
33:37 Treadmill Crane
34:08 Masonry
34:31 Town Watch
35:18 Ring Archer Armor
36:28 Hoardings
35:52 Elite Genoese Crossbowman
37:12 Thumb Ring
39:54 Two-Man Saw
40:02 Blast Furnace
39:55 Architecture
39:21 Murder Holes
39:49 Bombard Tower
39:39 Elite Skirmisher
41:16 Crop Rotation
40:09 Crossbowman
42:01 Pirotechnia
42:39 Scale Mail Armor
43:22 Coinage
50:02 Arbalester
59:53 Guard Tower
59:48 Arrowslits
李雾月
10:07 Feudal Age
13:58 Castle Age
12:32 Double-Bit Axe
12:53 Horse Collar
19:36 Bow Saw
20:45 Heavy Plow
22:41 Fortified Wall
23:14 Gold Mining
27:40 Imperial Age
24:57 Loom
26:16 Squires
26:55 Scale Mail Armor
27:05 Forging
28:16 Chain Mail Armor
28:44 Conscription
28:16 Arson
28:08 Capped Ram
28:37 Pikeman
29:22 Chieftains
29:38 Chieftains
29:09 Siege Ram
29:42 Gambesons
30:33 Plate Mail Armor
30:07 Man-at-Arms
30:42 Stone Mining
31:29 Gold Shaft Mining
32:15 Chemistry
30:56 Treadmill Crane
31:44 Elite Berserk
33:18 Iron Casting
32:35 Fletching
32:46 Town Watch
34:25 Masonry
35:31 Blast Furnace
34:27 Bodkin Arrow
34:50 Town Patrol
36:09 Crossbowman
42:15 Two-Man Saw
43:52 Hoardings
45:00 Crop Rotation
59:01 Bracer
59:22 Bogsveigar
59:29 Padded Archer Armor
58:54 Arbalester
61:20 Ballistics
61:56 Leather Archer Armor
62:16 Architecture
Connection lost

Rejoining the realm…

Still unreachable

The connection could not be restored.

Session expired

The server has moved on; the page needs a fresh start.